 Dungeon Crawl Stone Soup version 0.26-a0-969-g2c58977ddd (webtiles) character file.

Game seed: 163851616480264975

20 Gildeon the Protected (level 2, -1/26 HPs)
             Began as a Gnoll Wanderer on Dec 4, 2020.
             Slain by an adder (4 damage)
             ... on level 2 of the Dungeon.
             The game lasted 00:02:35 (1071 turns).

Gildeon the Protected (Gnoll Wanderer)              Turns: 1071, Time: 00:02:36

Health: -1/26      AC:  8    Str: 13    XL:     2   Next: 79%
Magic:  2/2        EV:  9    Int: 15    God:
Gold:   118        SH:  4    Dex: 14    Spells: 2/2 levels left

rFire    . . .     SeeInvis .   o - +0 trident
rCold    . . .     Faith    .   d - +0 buckler
rNeg     . . .     Spirit   .   g - +0 scale mail
rPois    .         Reflect  .   (no helmet)
rElec    .         Harm     .   (no cloak)
rCorr    .         Rampage  .   (no gloves)
MR       .....                  (no boots)
Stlth    ..........             (no amulet)
HPRegen  0.08/turn              (no ring)
MPRegen  0.08/turn              (no ring)

@: no status effects
A: distributed training, fangs 1, strong nose
a: no special abilities


You were on level 2 of the Dungeon.
You visited 1 branch of the dungeon, and saw 2 of its levels.

You collected 118 gold pieces.

Inventory:

Hand Weapons
 a - a +0 dagger
 o - a +0 trident (weapon)
Armour
 c - a +0 ring mail
 d - a +0 buckler (worn)
 g - a +0 scale mail (worn)
Scrolls
 b - a scroll of blinking
 f - 2 scrolls of identify {unknown}
 i - 2 scrolls of magic mapping {unknown}
 j - 2 scrolls of enchant armour {unknown}
 l - 2 scrolls of teleportation {unknown}
Potions
 e - a potion of heal wounds
 m - a potion of curing {unknown}
 n - a potion of might {unknown}


   Skills:
 + Level 4.5 Fighting
 + Level 0.5 Short Blades
 + Level 0.5 Long Blades
 + Level 0.5 Axes
 + Level 0.5 Maces & Flails
 + Level 0.5 Polearms
 + Level 0.5 Staves
 + Level 0.5 Slings
 + Level 0.5 Bows
 + Level 0.5 Crossbows
 + Level 2.5 Throwing
 + Level 8.5 Armour
 + Level 0.5 Dodging
 + Level 0.5 Stealth
 + Level 2.5 Shields
 + Level 4.5 Unarmed Combat
 + Level 0.5 Spellcasting
 + Level 0.3 Conjurations
 + Level 0.3 Hexes
 + Level 0.3 Summonings
 + Level 0.3 Necromancy
 + Level 0.3 Translocations
 + Level 0.3 Transmutations
 + Level 0.3 Fire Magic
 + Level 0.3 Ice Magic
 + Level 0.3 Air Magic
 + Level 0.3 Earth Magic
 + Level 0.3 Poison Magic
 + Level 0.6 Invocations
 + Level 0.5 Evocations


You had 2 spell levels left.
You didn't know any spells.
Your spell library was empty.

Dungeon Overview and Level Annotations

Branches:
Dungeon (2/15)

Altars:


Innate Abilities, Weirdness & Mutations

Your experience applies equally to all skills.
You have very sharp teeth.
Your uncanny sense of smell can sniff out nearby items.


Message History

You reach to attack!
You puncture the gnoll!
The gnoll is heavily wounded.
The gnoll hits you but does no damage.
You hit the adder.
The adder is severely wounded.
The adder bites you but does no damage. The gnoll hits you but does no damage.
The adder closely misses you.
You hit the adder.
The adder is almost dead.
The adder bites you but does no damage. The gnoll barely misses you.
The adder bites you but does no damage.
The gnoll hits you from afar with a +0 spear.
* * * LOW HITPOINT WARNING * * *
You closely miss the adder.
The adder is almost dead.
The adder closely misses you.
The gnoll hits you from afar with a +0 spear.
* * * LOW HITPOINT WARNING * * *
The adder bites you.
You die...

#...........'..............
∆#.#.........####...#.######
.#..........## ##.##.#
.....#.....## ####.#
#.......## #.# #g###..r# #.#
∆ ∆∆#.#.# #.# .###..b#######
#.# #......gS@....#
..!#....#####.# ......... ∆
#.##...# ..)...... ∆
.#####..# #..# #..


You could see a gnoll, an adder and a bat.

Vanquished Creatures
  A dart slug (D:1)
  2 ball pythons
  2 hobgoblins (D:1)
  2 bats
  3 frilled lizards (D:1)
  3 goblins (D:1)
  3 kobolds (D:1)
  3 rats
19 creatures vanquished.

Notes
Turn   | Place    | Note
-------+----------+-------------------------------------------
     0 | D:1      | Gildeon the Gnoll Wanderer began the quest for the Orb.
     0 | D:1      | Gildeon set off with the following items: a +0 dagger, a
                  | scroll of blinking, a +0 ring mail, a +0 buckler, a potion
                  | of heal wounds
     0 | D:1      | Reached XP level 1. HP: 20/20 MP: 1/1
   287 | D:1      | Reached XP level 2. HP: 26/26 MP: 2/2
  1071 | D:2      | Slain by an adder

Illustrated notes

Levels and vault maps discovered:
D:1:      giann_wishing_wells, layout_basic
D:2:      layout_loops_corners, minmay_fractal_squares_5

Action                   || total
-------------------------++-------
Melee: Dagger            ||    15
       Club              ||     7
       Bite              ||    11
       Hand axe          ||    37
       Trident           ||    11
Armor: Scale mail        ||    52
Dodge: Dodged            ||    35
Block: Buckler           ||    19

Table legend: (Time is in decaauts)
 A = Elapsed time spent in this place.
 B = Non-inter-level travel time spent in this place.
 C = Inter-level travel time spent in this place.
 D = Time resting spent in this place.
 E = Time spent auto-exploring this place.
 F = Levels seen in this place.
 G = Mean time per level.
                   A        B        C        D        E       F      G
               +--------+--------+--------+--------+--------+-----+--------+
         Total |   1086 |   1032 |     54 |      0 |    804 |   2 |  543.0 |
       Dungeon |   1086 |   1032 |     54 |      0 |    804 |   2 |  543.0 |
               +--------+--------+--------+--------+--------+-----+--------+

Top non-repeatable levels by time:
     D:1: 1006 daAuts
     D:2: 79 daAuts
